%YAML 1.1
%TAG !u! tag:unity3d.com,2011:
--- !u!1 &375289123496228827
GameObject:
  m_ObjectHideFlags: 0
  m_CorrespondingSourceObject: {fileID: 0}
  m_PrefabInstance: {fileID: 0}
  m_PrefabAsset: {fileID: 0}
  serializedVersion: 6
  m_Component:
  - component: {fileID: 8708281425089049365}
  - component: {fileID: 9066129453711969658}
  - component: {fileID: 34097102588354595}
  m_Layer: 5
  m_Name: Recticle
  m_TagString: Untagged
  m_Icon: {fileID: 0}
  m_NavMeshLayer: 0
  m_StaticEditorFlags: 0
  m_IsActive: 1
--- !u!224 &8708281425089049365
RectTransform:
  m_ObjectHideFlags: 0
  m_CorrespondingSourceObject: {fileID: 0}
  m_PrefabInstance: {fileID: 0}
  m_PrefabAsset: {fileID: 0}
  m_GameObject: {fileID: 375289123496228827}
  m_LocalRotation: {x: 0, y: 0, z: 0, w: 1}
  m_LocalPosition: {x: 0, y: 0, z: 0}
  m_LocalScale: {x: 1, y: 1, z: 1}
  m_ConstrainProportionsScale: 0
  m_Children: []
  m_Father: {fileID: 8881120021796101729}
  m_RootOrder: -1
  m_LocalEulerAnglesHint: {x: 0, y: 0, z: 0}
  m_AnchorMin: {x: 0.5, y: 0.5}
  m_AnchorMax: {x: 0.5, y: 0.5}
  m_AnchoredPosition: {x: 0, y: 0}
  m_SizeDelta: {x: 100, y: 100}
  m_Pivot: {x: 0.5, y: 0.5}
--- !u!222 &9066129453711969658
CanvasRenderer:
  m_ObjectHideFlags: 0
  m_CorrespondingSourceObject: {fileID: 0}
  m_PrefabInstance: {fileID: 0}
  m_PrefabAsset: {fileID: 0}
  m_GameObject: {fileID: 375289123496228827}
  m_CullTransparentMesh: 1
--- !u!114 &34097102588354595
MonoBehaviour:
  m_ObjectHideFlags: 0
  m_CorrespondingSourceObject: {fileID: 0}
  m_PrefabInstance: {fileID: 0}
  m_PrefabAsset: {fileID: 0}
  m_GameObject: {fileID: 375289123496228827}
  m_Enabled: 1
  m_EditorHideFlags: 0
  m_Script: {fileID: 11500000, guid: fe87c0e1cc204ed48ad3b37840f39efc, type: 3}
  m_Name: 
  m_EditorClassIdentifier: 
  m_Material: {fileID: 0}
  m_Color: {r: 1, g: 1, b: 1, a: 1}
  m_RaycastTarget: 1
  m_RaycastPadding: {x: 0, y: 0, z: 0, w: 0}
  m_Maskable: 1
  m_OnCullStateChanged:
    m_PersistentCalls:
      m_Calls: []
  m_Sprite: {fileID: 21300000, guid: c2676186b485e8347bb926c5b2b06687, type: 3}
  m_Type: 0
  m_PreserveAspect: 0
  m_FillCenter: 1
  m_FillMethod: 4
  m_FillAmount: 1
  m_FillClockwise: 1
  m_FillOrigin: 0
  m_UseSpriteMesh: 0
  m_PixelsPerUnitMultiplier: 1
--- !u!1 &1495751019631849728
GameObject:
  m_ObjectHideFlags: 0
  m_CorrespondingSourceObject: {fileID: 0}
  m_PrefabInstance: {fileID: 0}
  m_PrefabAsset: {fileID: 0}
  serializedVersion: 6
  m_Component:
  - component: {fileID: 8881120021796101729}
  - component: {fileID: 1284628017200907499}
  - component: {fileID: 7089035813244927416}
  - component: {fileID: 5076152981330131716}
  m_Layer: 5
  m_Name: Canvas
  m_TagString: Untagged
  m_Icon: {fileID: 0}
  m_NavMeshLayer: 0
  m_StaticEditorFlags: 0
  m_IsActive: 1
--- !u!224 &8881120021796101729
RectTransform:
  m_ObjectHideFlags: 0
  m_CorrespondingSourceObject: {fileID: 0}
  m_PrefabInstance: {fileID: 0}
  m_PrefabAsset: {fileID: 0}
  m_GameObject: {fileID: 1495751019631849728}
  m_LocalRotation: {x: 0, y: 0, z: 0, w: 1}
  m_LocalPosition: {x: 0, y: 0, z: 0}
  m_LocalScale: {x: 0, y: 0, z: 0}
  m_ConstrainProportionsScale: 0
  m_Children:
  - {fileID: 8708281425089049365}
  m_Father: {fileID: 2096528609707193834}
  m_RootOrder: -1
  m_LocalEulerAnglesHint: {x: 0, y: 0, z: 0}
  m_AnchorMin: {x: 0, y: 0}
  m_AnchorMax: {x: 0, y: 0}
  m_AnchoredPosition: {x: 0, y: 0}
  m_SizeDelta: {x: 0, y: 0}
  m_Pivot: {x: 0, y: 0}
--- !u!223 &1284628017200907499
Canvas:
  m_ObjectHideFlags: 0
  m_CorrespondingSourceObject: {fileID: 0}
  m_PrefabInstance: {fileID: 0}
  m_PrefabAsset: {fileID: 0}
  m_GameObject: {fileID: 1495751019631849728}
  m_Enabled: 1
  serializedVersion: 3
  m_RenderMode: 0
  m_Camera: {fileID: 0}
  m_PlaneDistance: 100
  m_PixelPerfect: 0
  m_ReceivesEvents: 1
  m_OverrideSorting: 0
  m_OverridePixelPerfect: 0
  m_SortingBucketNormalizedSize: 0
  m_VertexColorAlwaysGammaSpace: 0
  m_AdditionalShaderChannelsFlag: 0
  m_UpdateRectTransformForStandalone: 0
  m_SortingLayerID: 0
  m_SortingOrder: 0
  m_TargetDisplay: 0
--- !u!114 &7089035813244927416
MonoBehaviour:
  m_ObjectHideFlags: 0
  m_CorrespondingSourceObject: {fileID: 0}
  m_PrefabInstance: {fileID: 0}
  m_PrefabAsset: {fileID: 0}
  m_GameObject: {fileID: 1495751019631849728}
  m_Enabled: 1
  m_EditorHideFlags: 0
  m_Script: {fileID: 11500000, guid: 0cd44c1031e13a943bb63640046fad76, type: 3}
  m_Name: 
  m_EditorClassIdentifier: 
  m_UiScaleMode: 0
  m_ReferencePixelsPerUnit: 100
  m_ScaleFactor: 1
  m_ReferenceResolution: {x: 800, y: 600}
  m_ScreenMatchMode: 0
  m_MatchWidthOrHeight: 0
  m_PhysicalUnit: 3
  m_FallbackScreenDPI: 96
  m_DefaultSpriteDPI: 96
  m_DynamicPixelsPerUnit: 1
  m_PresetInfoIsWorld: 0
--- !u!114 &5076152981330131716
MonoBehaviour:
  m_ObjectHideFlags: 0
  m_CorrespondingSourceObject: {fileID: 0}
  m_PrefabInstance: {fileID: 0}
  m_PrefabAsset: {fileID: 0}
  m_GameObject: {fileID: 1495751019631849728}
  m_Enabled: 1
  m_EditorHideFlags: 0
  m_Script: {fileID: 11500000, guid: dc42784cf147c0c48a680349fa168899, type: 3}
  m_Name: 
  m_EditorClassIdentifier: 
  m_IgnoreReversedGraphics: 1
  m_BlockingObjects: 0
  m_BlockingMask:
    serializedVersion: 2
    m_Bits: 4294967295
--- !u!1 &4046465295242313914
GameObject:
  m_ObjectHideFlags: 0
  m_CorrespondingSourceObject: {fileID: 0}
  m_PrefabInstance: {fileID: 0}
  m_PrefabAsset: {fileID: 0}
  serializedVersion: 6
  m_Component:
  - component: {fileID: 2096528609707193834}
  - component: {fileID: 5640220627742615542}
  - component: {fileID: 8731289182249222421}
  - component: {fileID: 3848954581316595682}
  - component: {fileID: 8483096995167087277}
  - component: {fileID: 9005151418308186525}
  m_Layer: 0
  m_Name: Player
  m_TagString: Player
  m_Icon: {fileID: 0}
  m_NavMeshLayer: 0
  m_StaticEditorFlags: 0
  m_IsActive: 1
--- !u!4 &2096528609707193834
Transform:
  m_ObjectHideFlags: 0
  m_CorrespondingSourceObject: {fileID: 0}
  m_PrefabInstance: {fileID: 0}
  m_PrefabAsset: {fileID: 0}
  m_GameObject: {fileID: 4046465295242313914}
  m_LocalRotation: {x: 0, y: 0, z: 0, w: 1}
  m_LocalPosition: {x: 0, y: 0.51, z: 4.72}
  m_LocalScale: {x: 1, y: 1, z: 1}
  m_ConstrainProportionsScale: 0
  m_Children:
  - {fileID: 4360456849213025231}
  - {fileID: 8881120021796101729}
  m_Father: {fileID: 0}
  m_RootOrder: 3
  m_LocalEulerAnglesHint: {x: 0, y: 0, z: 0}
--- !u!136 &5640220627742615542
CapsuleCollider:
  m_ObjectHideFlags: 0
  m_CorrespondingSourceObject: {fileID: 0}
  m_PrefabInstance: {fileID: 0}
  m_PrefabAsset: {fileID: 0}
  m_GameObject: {fileID: 4046465295242313914}
  m_Material: {fileID: 0}
  m_IncludeLayers:
    serializedVersion: 2
    m_Bits: 0
  m_ExcludeLayers:
    serializedVersion: 2
    m_Bits: 0
  m_LayerOverridePriority: 0
  m_IsTrigger: 0
  m_ProvidesContacts: 0
  m_Enabled: 1
  serializedVersion: 2
  m_Radius: 0.5
  m_Height: 1.9914658
  m_Direction: 1
  m_Center: {x: 0, y: 0.4957329, z: 0}
--- !u!54 &8731289182249222421
Rigidbody:
  m_ObjectHideFlags: 0
  m_CorrespondingSourceObject: {fileID: 0}
  m_PrefabInstance: {fileID: 0}
  m_PrefabAsset: {fileID: 0}
  m_GameObject: {fileID: 4046465295242313914}
  serializedVersion: 4
  m_Mass: 1
  m_Drag: 15
  m_AngularDrag: 0.05
  m_CenterOfMass: {x: 0, y: 0, z: 0}
  m_InertiaTensor: {x: 1, y: 1, z: 1}
  m_InertiaRotation: {x: 0, y: 0, z: 0, w: 1}
  m_IncludeLayers:
    serializedVersion: 2
    m_Bits: 0
  m_ExcludeLayers:
    serializedVersion: 2
    m_Bits: 0
  m_ImplicitCom: 1
  m_ImplicitTensor: 1
  m_UseGravity: 1
  m_IsKinematic: 0
  m_Interpolate: 0
  m_Constraints: 112
  m_CollisionDetection: 0
--- !u!114 &3848954581316595682
MonoBehaviour:
  m_ObjectHideFlags: 0
  m_CorrespondingSourceObject: {fileID: 0}
  m_PrefabInstance: {fileID: 0}
  m_PrefabAsset: {fileID: 0}
  m_GameObject: {fileID: 4046465295242313914}
  m_Enabled: 1
  m_EditorHideFlags: 0
  m_Script: {fileID: 11500000, guid: 62899f850307741f2a39c98a8b639597, type: 3}
  m_Name: 
  m_EditorClassIdentifier: 
  m_Actions: {fileID: -944628639613478452, guid: 0c18ef3212c7b4c499c6b936441d3fcf,
    type: 3}
  m_NotificationBehavior: 2
  m_UIInputModule: {fileID: 0}
  m_DeviceLostEvent:
    m_PersistentCalls:
      m_Calls: []
  m_DeviceRegainedEvent:
    m_PersistentCalls:
      m_Calls: []
  m_ControlsChangedEvent:
    m_PersistentCalls:
      m_Calls: []
  m_ActionEvents:
  - m_PersistentCalls:
      m_Calls: []
    m_ActionId: 416cbac8-a682-453c-bed5-665866ce6d1d
    m_ActionName: Player/Move[/Keyboard/w,/Keyboard/upArrow,/Keyboard/s,/Keyboard/downArrow,/Keyboard/a,/Keyboard/leftArrow,/Keyboard/d,/Keyboard/rightArrow]
  - m_PersistentCalls:
      m_Calls: []
    m_ActionId: d1ccef8b-3f60-4579-b45c-d7c9ae84523c
    m_ActionName: Player/Look[/Mouse/delta]
  - m_PersistentCalls:
      m_Calls:
      - m_Target: {fileID: 8483096995167087277}
        m_TargetAssemblyTypeName: PlayerController, Assembly-CSharp
        m_MethodName: OnFire
        m_Mode: 0
        m_Arguments:
          m_ObjectArgument: {fileID: 0}
          m_ObjectArgumentAssemblyTypeName: UnityEngine.Object, UnityEngine
          m_IntArgument: 0
          m_FloatArgument: 0
          m_StringArgument: 
          m_BoolArgument: 0
        m_CallState: 2
    m_ActionId: ec9146ef-d1ae-4848-88a7-d2815fef88df
    m_ActionName: Player/Fire[/Mouse/leftButton]
  - m_PersistentCalls:
      m_Calls: []
    m_ActionId: 8b8b01d6-ec8f-44c6-9481-c36aa11ddd9e
    m_ActionName: UI/Navigate[/Keyboard/w,/Keyboard/upArrow,/Keyboard/s,/Keyboard/downArrow,/Keyboard/a,/Keyboard/leftArrow,/Keyboard/d,/Keyboard/rightArrow]
  - m_PersistentCalls:
      m_Calls: []
    m_ActionId: 6f25cb71-cc3d-4e4d-8de9-f949f4b23e4a
    m_ActionName: UI/Submit[/Keyboard/enter]
  - m_PersistentCalls:
      m_Calls: []
    m_ActionId: fcef72e0-d2ab-47f1-a449-b56bbafac1c8
    m_ActionName: UI/Cancel[/Keyboard/escape]
  - m_PersistentCalls:
      m_Calls: []
    m_ActionId: efcbbc39-f011-47dc-8d17-bc07e5b05c3e
    m_ActionName: UI/Point[/Mouse/position]
  - m_PersistentCalls:
      m_Calls: []
    m_ActionId: 4001c57e-9769-463f-bf54-f7e42feeec97
    m_ActionName: UI/Click[/Mouse/leftButton]
  - m_PersistentCalls:
      m_Calls: []
    m_ActionId: 0beb4dce-a5db-4fa0-884b-929bcb6aaceb
    m_ActionName: UI/ScrollWheel[/Mouse/scroll]
  - m_PersistentCalls:
      m_Calls: []
    m_ActionId: 912d3af6-5422-4595-9339-e7b169e780df
    m_ActionName: UI/MiddleClick[/Mouse/middleButton]
  - m_PersistentCalls:
      m_Calls: []
    m_ActionId: 900d641b-774b-4b3a-99ed-9cf6eb2ad972
    m_ActionName: UI/RightClick[/Mouse/rightButton]
  - m_PersistentCalls:
      m_Calls: []
    m_ActionId: f2410f3b-7378-4675-8b25-9cbf9a3ee03f
    m_ActionName: UI/TrackedDevicePosition
  - m_PersistentCalls:
      m_Calls: []
    m_ActionId: 656c1e58-d7ed-4d31-b8a3-b4fd6dd861f5
    m_ActionName: UI/TrackedDeviceOrientation
  - m_PersistentCalls:
      m_Calls:
      - m_Target: {fileID: 8483096995167087277}
        m_TargetAssemblyTypeName: PlayerController, Assembly-CSharp
        m_MethodName: OnSprint
        m_Mode: 0
        m_Arguments:
          m_ObjectArgument: {fileID: 0}
          m_ObjectArgumentAssemblyTypeName: UnityEngine.Object, UnityEngine
          m_IntArgument: 0
          m_FloatArgument: 0
          m_StringArgument: 
          m_BoolArgument: 0
        m_CallState: 2
    m_ActionId: e580b63b-2cff-4ae9-a47a-153d43ae841a
    m_ActionName: Player/Sprint[/Keyboard/leftShift]
  - m_PersistentCalls:
      m_Calls:
      - m_Target: {fileID: 8483096995167087277}
        m_TargetAssemblyTypeName: PlayerController, Assembly-CSharp
        m_MethodName: OnAim
        m_Mode: 0
        m_Arguments:
          m_ObjectArgument: {fileID: 0}
          m_ObjectArgumentAssemblyTypeName: UnityEngine.Object, UnityEngine
          m_IntArgument: 0
          m_FloatArgument: 0
          m_StringArgument: 
          m_BoolArgument: 0
        m_CallState: 2
    m_ActionId: 0185081c-6995-4cdc-8f2f-a725e5c69a5b
    m_ActionName: Player/Aim[/Mouse/rightButton]
  - m_PersistentCalls:
      m_Calls: []
    m_ActionId: cb8df202-6936-4603-86f4-62369aa34e49
    m_ActionName: Player/New action
  - m_PersistentCalls:
      m_Calls:
      - m_Target: {fileID: 8483096995167087277}
        m_TargetAssemblyTypeName: PlayerController, Assembly-CSharp
        m_MethodName: OnReload
        m_Mode: 0
        m_Arguments:
          m_ObjectArgument: {fileID: 0}
          m_ObjectArgumentAssemblyTypeName: UnityEngine.Object, UnityEngine
          m_IntArgument: 0
          m_FloatArgument: 0
          m_StringArgument: 
          m_BoolArgument: 0
        m_CallState: 2
    m_ActionId: ed894c8d-8f08-458e-b486-703377fe6d8e
    m_ActionName: Player/Reload[/Keyboard/r]
  m_NeverAutoSwitchControlSchemes: 0
  m_DefaultControlScheme: 
  m_DefaultActionMap: Player
  m_SplitScreenIndex: -1
  m_Camera: {fileID: 0}
--- !u!114 &8483096995167087277
MonoBehaviour:
  m_ObjectHideFlags: 0
  m_CorrespondingSourceObject: {fileID: 0}
  m_PrefabInstance: {fileID: 0}
  m_PrefabAsset: {fileID: 0}
  m_GameObject: {fileID: 4046465295242313914}
  m_Enabled: 1
  m_EditorHideFlags: 0
  m_Script: {fileID: 11500000, guid: 2976105f3df6b3a4bae17d19a510e276, type: 3}
  m_Name: 
  m_EditorClassIdentifier: 
  _MovementSpeed: 60
  _SprintSpeed: 100
  _Cam: {fileID: 2936458276898037191}
  _ClampXRotationMin: -90
  _ClampXRotationMax: 90
  _LookSensitivity: 60
  _Rb: {fileID: 8731289182249222421}
  _Anim: {fileID: 66004040249261833}
  _Recoil: {fileID: 9005151418308186525}
  _SpawnWithWeapon: 1
  _WeaponName: BAR 33
  _WeaponAttachPoint: {fileID: 66004040241828043}
  _SpawnedWeaponOne: {fileID: 0}
  _SpawnedWeaponTwo: {fileID: 0}
  _MaxHealth: 0
  _MaxArmour: 0
  _ChanceOfCriticalHit: 0.2
  _CriticalHitModifier: 1.25
--- !u!114 &9005151418308186525
MonoBehaviour:
  m_ObjectHideFlags: 0
  m_CorrespondingSourceObject: {fileID: 0}
  m_PrefabInstance: {fileID: 0}
  m_PrefabAsset: {fileID: 0}
  m_GameObject: {fileID: 4046465295242313914}
  m_Enabled: 1
  m_EditorHideFlags: 0
  m_Script: {fileID: 11500000, guid: 8a5b123019924076919d7edae0e99462, type: 3}
  m_Name: 
  m_EditorClassIdentifier: 
  _MinRecoilY: -1
  _MaxRecoilY: 1
  _RecoilX: -1
  _RecoilSpeed: 20
  _ReturnRecoilSpeed: 10
  _PlayerArms: {fileID: 66004040241827969}
--- !u!1 &4138893614446505996
GameObject:
  m_ObjectHideFlags: 0
  m_CorrespondingSourceObject: {fileID: 0}
  m_PrefabInstance: {fileID: 0}
  m_PrefabAsset: {fileID: 0}
  serializedVersion: 6
  m_Component:
  - component: {fileID: 4360456849213025231}
  - component: {fileID: 2936458276898037191}
  - component: {fileID: 7717245670038539554}
  - component: {fileID: 5284687387988300662}
  m_Layer: 0
  m_Name: Main Camera
  m_TagString: MainCamera
  m_Icon: {fileID: 0}
  m_NavMeshLayer: 0
  m_StaticEditorFlags: 0
  m_IsActive: 1
--- !u!4 &4360456849213025231
Transform:
  m_ObjectHideFlags: 0
  m_CorrespondingSourceObject: {fileID: 0}
  m_PrefabInstance: {fileID: 0}
  m_PrefabAsset: {fileID: 0}
  m_GameObject: {fileID: 4138893614446505996}
  m_LocalRotation: {x: 0, y: 0, z: 0, w: 1}
  m_LocalPosition: {x: 0, y: 1.28, z: 0}
  m_LocalScale: {x: 1, y: 1, z: 1}
  m_ConstrainProportionsScale: 0
  m_Children:
  - {fileID: 66004040241827969}
  m_Father: {fileID: 2096528609707193834}
  m_RootOrder: -1
  m_LocalEulerAnglesHint: {x: 0, y: 0, z: 0}
--- !u!20 &2936458276898037191
Camera:
  m_ObjectHideFlags: 0
  m_CorrespondingSourceObject: {fileID: 0}
  m_PrefabInstance: {fileID: 0}
  m_PrefabAsset: {fileID: 0}
  m_GameObject: {fileID: 4138893614446505996}
  m_Enabled: 1
  serializedVersion: 2
  m_ClearFlags: 1
  m_BackGroundColor: {r: 0.19215687, g: 0.3019608, b: 0.4745098, a: 0}
  m_projectionMatrixMode: 1
  m_GateFitMode: 2
  m_FOVAxisMode: 0
  m_Iso: 200
  m_ShutterSpeed: 0.005
  m_Aperture: 16
  m_FocusDistance: 10
  m_FocalLength: 50
  m_BladeCount: 5
  m_Curvature: {x: 2, y: 11}
  m_BarrelClipping: 0.25
  m_Anamorphism: 0
  m_SensorSize: {x: 36, y: 24}
  m_LensShift: {x: 0, y: 0}
  m_NormalizedViewPortRect:
    serializedVersion: 2
    x: 0
    y: 0
    width: 1
    height: 1
  near clip plane: 0.01
  far clip plane: 1000
  field of view: 60
  orthographic: 0
  orthographic size: 5
  m_Depth: -1
  m_CullingMask:
    serializedVersion: 2
    m_Bits: 4294967295
  m_RenderingPath: -1
  m_TargetTexture: {fileID: 0}
  m_TargetDisplay: 0
  m_TargetEye: 3
  m_HDR: 1
  m_AllowMSAA: 1
  m_AllowDynamicResolution: 0
  m_ForceIntoRT: 0
  m_OcclusionCulling: 1
  m_StereoConvergence: 10
  m_StereoSeparation: 0.022
--- !u!81 &7717245670038539554
AudioListener:
  m_ObjectHideFlags: 0
  m_CorrespondingSourceObject: {fileID: 0}
  m_PrefabInstance: {fileID: 0}
  m_PrefabAsset: {fileID: 0}
  m_GameObject: {fileID: 4138893614446505996}
  m_Enabled: 1
--- !u!114 &5284687387988300662
MonoBehaviour:
  m_ObjectHideFlags: 0
  m_CorrespondingSourceObject: {fileID: 0}
  m_PrefabInstance: {fileID: 0}
  m_PrefabAsset: {fileID: 0}
  m_GameObject: {fileID: 4138893614446505996}
  m_Enabled: 1
  m_EditorHideFlags: 0
  m_Script: {fileID: 11500000, guid: a79441f348de89743a2939f4d699eac1, type: 3}
  m_Name: 
  m_EditorClassIdentifier: 
  m_RenderShadows: 1
  m_RequiresDepthTextureOption: 2
  m_RequiresOpaqueTextureOption: 2
  m_CameraType: 0
  m_Cameras: []
  m_RendererIndex: -1
  m_VolumeLayerMask:
    serializedVersion: 2
    m_Bits: 1
  m_VolumeTrigger: {fileID: 0}
  m_VolumeFrameworkUpdateModeOption: 2
  m_RenderPostProcessing: 1
  m_Antialiasing: 0
  m_AntialiasingQuality: 2
  m_StopNaN: 0
  m_Dithering: 0
  m_ClearDepth: 1
  m_AllowXRRendering: 1
  m_AllowHDROutput: 1
  m_UseScreenCoordOverride: 0
  m_ScreenSizeOverride: {x: 0, y: 0, z: 0, w: 0}
  m_ScreenCoordScaleBias: {x: 0, y: 0, z: 0, w: 0}
  m_RequiresDepthTexture: 0
  m_RequiresColorTexture: 0
  m_Version: 2
  m_TaaSettings:
    quality: 3
    frameInfluence: 0.1
    jitterScale: 1
    mipBias: 0
    varianceClampScale: 0.9
    contrastAdaptiveSharpening: 0
--- !u!1001 &66004040241957481
PrefabInstance:
  m_ObjectHideFlags: 0
  serializedVersion: 2
  m_Modification:
    serializedVersion: 3
    m_TransformParent: {fileID: 4360456849213025231}
    m_Modifications:
    - target: {fileID: 100104, guid: b0299d1388028864e9874bcacb6c2123, type: 3}
      propertyPath: m_Name
      value: SK_FP_CH_Default_Cubic
      objectReference: {fileID: 0}
    - target: {fileID: 400104, guid: b0299d1388028864e9874bcacb6c2123, type: 3}
      propertyPath: m_RootOrder
      value: -1
      objectReference: {fileID: 0}
    - target: {fileID: 400104, guid: b0299d1388028864e9874bcacb6c2123, type: 3}
      propertyPath: m_LocalPosition.x
      value: -0.04
      objectReference: {fileID: 0}
    - target: {fileID: 400104, guid: b0299d1388028864e9874bcacb6c2123, type: 3}
      propertyPath: m_LocalPosition.y
      value: -0.087
      objectReference: {fileID: 0}
    - target: {fileID: 400104, guid: b0299d1388028864e9874bcacb6c2123, type: 3}
      propertyPath: m_LocalPosition.z
      value: 0.328
      objectReference: {fileID: 0}
    - target: {fileID: 400104, guid: b0299d1388028864e9874bcacb6c2123, type: 3}
      propertyPath: m_LocalRotation.w
      value: 0.9995878
      objectReference: {fileID: 0}
    - target: {fileID: 400104, guid: b0299d1388028864e9874bcacb6c2123, type: 3}
      propertyPath: m_LocalRotation.x
      value: 0.0068047293
      objectReference: {fileID: 0}
    - target: {fileID: 400104, guid: b0299d1388028864e9874bcacb6c2123, type: 3}
      propertyPath: m_LocalRotation.y
      value: -0.026944848
      objectReference: {fileID: 0}
    - target: {fileID: 400104, guid: b0299d1388028864e9874bcacb6c2123, type: 3}
      propertyPath: m_LocalRotation.z
      value: 0.0072063156
      objectReference: {fileID: 0}
    - target: {fileID: 400104, guid: b0299d1388028864e9874bcacb6c2123, type: 3}
      propertyPath: m_LocalEulerAnglesHint.x
      value: 0.802
      objectReference: {fileID: 0}
    - target: {fileID: 400104, guid: b0299d1388028864e9874bcacb6c2123, type: 3}
      propertyPath: m_LocalEulerAnglesHint.y
      value: -3.083
      objectReference: {fileID: 0}
    - target: {fileID: 400104, guid: b0299d1388028864e9874bcacb6c2123, type: 3}
      propertyPath: m_LocalEulerAnglesHint.z
      value: 0.805
      objectReference: {fileID: 0}
    - target: {fileID: 9500000, guid: b0299d1388028864e9874bcacb6c2123, type: 3}
      propertyPath: m_Controller
      value: 
      objectReference: {fileID: 9100000, guid: 58bc2216bf66e6e48a9c7cec22227f2b, type: 2}
    - target: {fileID: 13700000, guid: b0299d1388028864e9874bcacb6c2123, type: 3}
      propertyPath: m_UpdateWhenOffscreen
      value: 1
      objectReference: {fileID: 0}
    m_RemovedComponents: []
    m_RemovedGameObjects: []
    m_AddedGameObjects: []
    m_AddedComponents:
    - targetCorrespondingSourceObject: {fileID: 100104, guid: b0299d1388028864e9874bcacb6c2123,
        type: 3}
      insertIndex: -1
      addedObject: {fileID: 6658039707090081782}
  m_SourcePrefab: {fileID: 100100000, guid: b0299d1388028864e9874bcacb6c2123, type: 3}
--- !u!4 &66004040241827969 stripped
Transform:
  m_CorrespondingSourceObject: {fileID: 400104, guid: b0299d1388028864e9874bcacb6c2123,
    type: 3}
  m_PrefabInstance: {fileID: 66004040241957481}
  m_PrefabAsset: {fileID: 0}
--- !u!4 &66004040241828043 stripped
Transform:
  m_CorrespondingSourceObject: {fileID: 400034, guid: b0299d1388028864e9874bcacb6c2123,
    type: 3}
  m_PrefabInstance: {fileID: 66004040241957481}
  m_PrefabAsset: {fileID: 0}
--- !u!1 &66004040241991009 stripped
GameObject:
  m_CorrespondingSourceObject: {fileID: 100104, guid: b0299d1388028864e9874bcacb6c2123,
    type: 3}
  m_PrefabInstance: {fileID: 66004040241957481}
  m_PrefabAsset: {fileID: 0}
--- !u!114 &6658039707090081782
MonoBehaviour:
  m_ObjectHideFlags: 0
  m_CorrespondingSourceObject: {fileID: 0}
  m_PrefabInstance: {fileID: 0}
  m_PrefabAsset: {fileID: 0}
  m_GameObject: {fileID: 66004040241991009}
  m_Enabled: 1
  m_EditorHideFlags: 0
  m_Script: {fileID: 11500000, guid: 51b658a28e544fc0936451aa727f7455, type: 3}
  m_Name: 
  m_EditorClassIdentifier: 
  _Player: {fileID: 8483096995167087277}
--- !u!95 &66004040249261833 stripped
Animator:
  m_CorrespondingSourceObject: {fileID: 9500000, guid: b0299d1388028864e9874bcacb6c2123,
    type: 3}
  m_PrefabInstance: {fileID: 66004040241957481}
  m_PrefabAsset: {fileID: 0}
